 Dungeon Crawl Stone Soup version 0.30-a0-612-g150a0467c1 (webtiles) character file.

Game seed: 4795180317917786585

66538 Armakuni the Destroyer (level 14, -3/88 HPs)
             Began as a Deep Elf Gladiator on Jan 7, 2023.
             Was the Champion of Vehumet.
             Succumbed to a death drake's dark miasma
             ... in a Gauntlet on Jan 8, 2023.
             The game lasted 01:31:45 (22924 turns).

Armakuni the Destroyer (Deep Elf Gladiator)        Turns: 22924, Time: 01:31:46

Health: -3/88      AC: 14    Str: 23    XL:     14   Next: 79%
Magic:  16/30      EV: 17    Int: 17    God:    Vehumet [******]
Gold:   266        SH:  6    Dex: 16    Spells: 15/33 levels left

rFire   . . .      SeeInvis .    a - +0 staff of Battle
rCold   . . .      Faith    .    w - +0 buckler
rNeg    . . .      Spirit   .    f - +0 steam dragon scales
rPois   .          Reflect  .    D - +1 helmet "Fuskod" {Str+4}
rElec   .          Harm     .    r - +0 cloak
rCorr   .          Rampage  .    (no gloves)
Will    +....      NoTele   +    u - +0 pair of boots
Stlth   +                        (no amulet)
HPRegen 0.34/turn                A - +4 ring of protection
MPRegen 0.22/turn                V - +6 ring of strength

@: lethally poisoned (-3 -> -105), hasted and slowed, studying 2 skills
A: no striking features
a: Renounce Religion


You were in a Gauntlet.
You worshipped Vehumet.
Vehumet was exalted by your worship.
You visited 3 branches of the dungeon, and saw 20 of its levels.
You also visited: Gauntlet, Ice Cave and Volcano.

You collected 1818 gold pieces.
You spent 1552 gold pieces at shops.

Inventory:

Hand Weapons
 a - the +0 staff of Battle (weapon)
   (You acquired it on level 6 of the Dungeon)

   It enhances your conjuration magic.
   It summons a battlesphere in combat, with strength depending on Conjurations
   skill.
   Its strikes trigger the battlesphere's blasts.
 b - a +3 demon whip of flaming
Missiles
 h - a throwing net
 N - a curare-tipped dart
Armour
 f - +0 steam dragon scales (worn)
 r - a +0 cloak (worn)
 u - a +0 pair of boots (worn)
 w - a +0 buckler (worn)
 D - the +1 helmet "Fuskod" (worn) {Str+4}
   (You found it in a volcano)

   Str:       It affects your strength (+4).
Jewellery
 A - a +4 ring of protection (left hand)
 I - the ring of Ustrofohi {rF+ Int+2 SInv}
   (You found it in a Gauntlet)

   [ring of protection from fire]

   Int:       It affects your intelligence (+2).
   rF:        It protects you from fire.
   SInv:      It lets you see invisible.
 K - a ring of resist corrosion
 P - a ring of magical power
 V - a +6 ring of strength (right hand)
Wands
 k - a wand of digging (7)
 l - a wand of light (8)
 m - a wand of mindburst (1)
 p - a wand of paralysis (18)
 v - a wand of flame (53)
Scrolls
 d - 5 scrolls of vulnerability
 e - 5 scrolls of identify
 g - 5 scrolls of fog
 j - 3 scrolls of silence
 n - 3 scrolls of enchant armour
 o - a scroll of fear
 y - 2 scrolls of magic mapping
 z - 7 scrolls of amnesia
 E - a scroll of poison
 F - 2 scrolls of blinking
 J - 7 scrolls of teleportation
 M - a scroll of summoning
 Q - a scroll of noise
Potions
 i - 9 potions of curing
 q - 4 potions of haste
 s - a potion of ambrosia
 t - 9 potions of heal wounds
 x - 5 potions of magic
 B - a potion of invisibility
 C - a potion of brilliance
 G - a potion of resistance
 H - 2 potions of might
 L - a potion of mutation
 O - a potion of flight
Miscellaneous
 c - a condenser vane


   Skills:
 - Level 10.0 Fighting
 - Level 12.0 Staves
 - Level 2.0 Throwing
 - Level 5.0 Armour
 - Level 10.0 Dodging
 - Level 6.0 Shields
 - Level 10.0 Spellcasting
 - Level 14.9 Conjurations
 + Level 2.9 Transmutations
 + Level 2.9 Earth Magic
 - Level 10.0 Evocations


You had 15 spell levels left.
You knew the following spells:

 Your Spells              Type           Power      Damage    Failure   Level
a - Stone Arrow           Conj/Erth      100%       3d13      1%          3
c - Mephitic Cloud        Conj/Pois/Air  38%        N/A       1%          3
i - Irradiate             Conj/Tmut      27%        3d20      2%          5
s - Statue Form           Tmut/Erth      12%        N/A       99%         6
z - Foxfire               Conj/Fire      100%       2x1d9     1%          1

Your spell library contained the following spells:

 Spells                   Type           Power      Damage    Failure   Level
 Shock                    Conj/Air       100%       1d9       1%          1
 Iskenderun's Battlesphe  Conj           73%        2d12      1%          5
 Poisonous Vapours        Pois/Air       16%        N/A       4%          2
 Sting                    Tmut/Pois      52%        1d5       6%          1
 Cigotuvi's Dreadful Rot  Necr/Pois/Air  16%        N/A       16%         2
 Ensorcelled Hibernation  Hex/Ice        16%        N/A       16%         2
 Sublimation of Blood     Necr           8%         N/A       16%         2
 Spider Form              Tmut/Pois      13%        N/A       19%         3
 Lee's Rapid Deconstruct  Erth           9%         3d7*      22%         5
 Airstrike                Air            4%         2d(1-17)  26%         4
 Olgreb's Toxic Radiance  Pois           8%         N/A       26%         4
 Call Canine Familiar     Summ           8%         N/A       32%         3
 Gell's Gravitas          Tloc           8%         N/A       32%         3
 Portal Projectile        Hex/Tloc       16%        N/A       32%         3
 Swiftness                Air            8%         N/A       32%         3
 Teleport Other           Tloc           8%         N/A       32%         3
 Petrify                  Tmut/Erth      18%        N/A       32%         4
 Leda's Liquefaction      Hex/Erth       6%         N/A       52%         4
 Anguish                  Hex/Necr       4%         N/A       71%         4
 Animate Dead             Necr           8%         N/A       71%         4
 Cause Fear               Hex            4%         N/A       71%         4
 Summon Ice Beast         Ice/Summ       8%         N/A       71%         4
 Summon Lightning Spire   Summ/Air       8%         N/A       71%         4
 Eringya's Noxious Bog    Tmut/Pois      6%         N/A       89%         6
 Summon Forest            Summ/Tloc      4%         N/A       96%         5
 Summon Mana Viper        Hex/Summ       8%         N/A       96%         5
 Dispersal                Tloc           4%         N/A       100%        6
 Dragon Form              Tmut           9%         N/A       100%        7
 Haunt                    Necr/Summ      4%         N/A       100%        7
 Monstrous Menagerie      Summ           4%         N/A       100%        7
 Storm Form               Tmut/Air       6%         N/A       100%        7
 Summon Hydra             Summ           4%         N/A       100%        7
 Infestation              Necr           4%         N/A       100%        8
 Maxwell's Capacitive Co  Air            4%         ∞         100%        8
 Dragon's Call            Summ           4%         N/A       100%        9


Dungeon Overview and Level Annotations

Branches:
Dungeon (14/15)            Temple (1/1) D:6            Lair (5/5) D:8
 Shoals (0/4) Lair:2       Spider (0/4) Lair:2        Slime (0/5) Lair:4
    Orc (0/2) D:12          IceCv (visited)         Volcano (visited)
Gauntlet (1/1)
 Vaults: D:13-14

Altars:
Ashenzari
Cheibriados
Dithmenos
Elyvilon
Fedhas
Gozag
Hepliaklqana
Kikubaaqudgha
Makhleb
Nemelex Xobeh
Okawaru
Qazlal
Ru
Sif Muna
Trog
Uskayaw
Vehumet
Wu Jian
Xom
Yredelemnul
Zin
The Shining One

Shops:
D:3 *   D:5 *   D:8 :   D:10 *   D:11 *

Portals:
Trove: D:12 (give +6 demon trident)

Annotations:
Gauntlet 6 transporters, exclusion: obsidian statue


Message History

Aim: a death drake (foul pestilence, heavily wounded, catching its breath, 66% to hit)
You feel a surge of power!
The stone arrow hits the death drake!
The death drake is heavily wounded.
You are engulfed in dark miasma.
You are lethally poisoned!
You feel extremely sick.
Your battlesphere fires!
The barrage of energy hits the centaur warrior zombie!
The centaur warrior zombie is moderately damaged.
The centaur warrior zombie misses you.
You block the centaur warrior zombie's attack.
The death drake barely misses you.
Casting: Stone Arrow (safe; 1% risk of failure)
Confirm with . or Enter, or press ? or * to list all spells.
Aiming: Stone Arrow (safe; 1% risk of failure)
Press: ? - help, Shift-Dir - straight line, f/p - death drake
Aim: a death drake (heavily wounded, catching its breath, 66% to hit)
You feel a surge of power!
The stone arrow hits the death drake!
The death drake is severely wounded.
You are engulfed in dark miasma.
You are more poisoned.
* * * LOW HITPOINT WARNING * * *
You feel extremely sick.
Your battlesphere fires!
The barrage of energy hits the centaur warrior zombie!
The centaur warrior zombie is heavily damaged.
The death drake bites you but does no damage.
The centaur warrior zombie hits you but does no damage.
The centaur warrior zombie kicks you but does no damage.
Casting: Stone Arrow (safe; 1% risk of failure)
Confirm with . or Enter, or press ? or * to list all spells.
Aiming: Stone Arrow (safe; 1% risk of failure)
Press: ? - help, Shift-Dir - straight line, f/p - death drake
Aim: a death drake (severely wounded, 66% to hit)
You feel a surge of power!
The stone arrow hits the death drake!
The death drake is almost dead.
You are engulfed in dark miasma.
You are more poisoned.
You feel as though you will be slow longer.
* * * LOW HITPOINT WARNING * * *
You die...

##≈###..#.......#.≈##
## ##.#.⌠.8.8.#.##
##≈.#^.....^#.≈##
#≈≈.#.#.©.#.#.≈≈#
##≈.#^.....^#.≈##
##.#.#.#.#.#.##
##≈.#..(Z.[.#.≈##
#≈≈.#########.≈≈#
##≈.#8.Z@#....≈##
##.#©..k#.8..##
##≈.#8*.©#....≈##
#≈≈.#########.≈≈#
##≈.#.#.#..##.≈##
##.##.#.##.#.##
##≈.##.##..##.≈##
#≈≈.#.#.©#.##.≈≈#
##≈.#.##..#8#.≈##


You could see a death drake (ally target), a spectral centaur warrior, a centaur
warrior zombie and a friendly battlesphere.

Vanquished Creatures
  Snorg (Lair:5)
  3 hydras
  A vault guard (D:12)
  A death knight (D:12)
  5 catoblepae
  A ghost crab (Gauntlet)
  5 two-headed ogres
  3 centaur warriors
  Erica (D:9)
  An ogre mage (D:12)
  A boulder beetle (Lair:3)
  11 death yaks (Lair:5)
  A lindwurm (Lair:2)
  An oklob plant (Lair:4)
  2 manticores (Lair:5)
  2 cyclopes
  7 elephants
  5 ugly things
  2 black mambas
  Maurice (D:9)
  Joseph (D:9)
  4 gargoyles
  A guardian serpent (shapeshifter) (D:12)
  6 cane toads
  3 komodo dragons
  Maggie (D:6)
  A rime drake (Lair:4)
  Psyche (D:9)
  An efreet (Volcano)
  A tengu conjurer (D:12)
  3 kobold demonologists (D:12)
  3 trolls
  A queen bee (Gauntlet)
  2 hornets
  Grinder (D:6)
  3 polar bears
  A wolf spider simulacrum (D:11)
  Prince Ribbit (D:7)
  Sigmund (D:6)
  21 blink frogs
  5 wyverns
  7 slime creatures
  A spriggan (Lair:3)
  3 wraiths
  3 shadows
  A vampire (D:10)
  A basilisk (Lair:1)
  A fire elemental (Volcano)
  Grum (Lair:1)
  4 steam dragons
  59 yaks
  19 vampire mosquitoes
  A two-headed ogre zombie (D:12)
  An acid dragon (D:12)
  14 water moccasins
  A swamp drake (D:8)
  6 ice beasts
  2 sky beasts
  3 ogres (D:5)
  3 black bears
  14 wolves
  18 centaurs
  2 phantoms
  9 kobold brigands
  21 bullfrogs
  3 gnoll sergeants
  The ghost of Leeroy the Scratcher, an amateur FeTm (D:3)
  3 cane toad simulacra (IceCv)
  6 scorpions
  A necrophage (D:7)
  4 wights (D:10)
  3 troll zombies (D:12)
  2 elephant simulacra (IceCv)
  11 killer bees
  2 howler monkeys
  A centaur zombie (D:3)
  Crazy Yiuf (D:3)
  A gnoll bouda (D:9)
  5 orc priests
  7 hounds
  2 jellies (D:5)
  Ijyb (D:3)
  Natasha (thrice) (D:3)
  2 iguanas (D:5)
  15 orc wizards
  3 polar bear simulacra
  A wolf simulacrum (IceCv)
  4 ogre zombies (D:12)
  A mummy (D:4)
  21 gnolls
  18 adders
  An ufetubus (D:6)
  3 worms
  3 dart slugs (D:1)
  36 orcs
  16 ball pythons
  9 bats
  7 endoplasms
  5 giant cockroaches
  5 goblins
  5 hobgoblins
  6 jackals
  37 kobolds
  2 quokkas (D:5)
  2 frilled lizards (D:2)
  A giant cockroach zombie (D:3)
  A goblin skeleton (D:12)
  3 goblin zombies (D:12)
  A hobgoblin skeleton (D:12)
  5 orc skeletons (D:12)
  14 orc zombies (D:12)
  8 rats
  A foxfire (D:8)
605 creatures vanquished.

Vanquished Creatures (collateral kills)
  A killer bee (Gauntlet)
  A bat (D:2)
  10 foxfires
12 creatures vanquished.

Vanquished Creatures (others)
  A blink frog (Lair:2)
  A bullfrog (D:8)
  An adder (D:6)
  A human zombie (D:6)
  An orc zombie (D:7)
  698 foxfires
  17 fungi
  57 plants
  4 toadstools (D:2)
  4 withered plants (Gauntlet)
785 creatures vanquished.

Grand Total: 1402 creatures vanquished

Notes
Turn   | Place    | Note
-------+----------+-------------------------------------------
     0 | D:1      | Armakuni the Deep Elf Gladiator began the quest for the
                  | Orb.
     0 | D:1      | Reached XP level 1. HP: 12/12 MP: 3/3
   195 | D:1      | Reached XP level 2. HP: 15/17 MP: 4/4
   697 | D:1      | Reached XP level 3. HP: 20/21 MP: 5/5
  1117 | D:2      | Reached XP level 4. HP: 20/26 MP: 6/6
  1177 | D:2      | Identified a scroll of acquirement
  1177 | D:2      | Acquired a manual of Ice Magic
  1613 | D:3      | Noticed Natasha
  1623 | D:3      | Killed Natasha
  1772 | D:3      | Found a runed translucent gate.
  1772 | D:3      | Found a runed translucent gate.
  1772 | D:3      | Found a runed translucent gate.
  1772 | D:3      | Noticed Leeroy's ghost (amateur FeTm)
  1774 | D:3      | Found a basalt altar of Yredelemnul.
  1791 | D:3      | Reached XP level 5. HP: 26/32 MP: 7/7
  1866 | D:3      | Noticed Natasha
  1875 | D:3      | Killed Natasha
  1899 | D:3      | Killed Leeroy's ghost
  1900 | D:3      | Reached skill level 5 in Staves
  1960 | D:3      | Noticed Natasha
  1989 | D:3      | Killed Natasha
  2137 | D:3      | Found a sparkling altar of Nemelex Xobeh.
  2347 | D:3      | Found Rurynt's Assorted Antiques.
  2354 | D:3      | Bought a scroll of identify for 40 gold pieces
  2354 | D:3      | Bought a scroll labelled ECVEFF VEITS for 20 gold pieces
  2354 | D:3      | Bought 3 scrolls labelled ETTOIRU FOC for 60 gold pieces
  2388 | D:3      | Noticed Ijyb
  2397 | D:3      | Killed Ijyb
  2398 | D:3      | Reached XP level 6. HP: 32/38 MP: 8/8
  2789 | D:3      | Found a runed translucent door.
  2790 | D:3      | Noticed Crazy Yiuf
  2821 | D:3      | Killed Crazy Yiuf
  3610 | D:4      | Reached XP level 7. HP: 44/44 MP: 9/9
  3637 | D:4      | Found a snail-covered altar of Cheibriados.
  4103 | D:5      | Entered Level 5 of the Dungeon
  4111 | D:5      | Reached skill level 5 in Fighting
  4550 | D:5      | Reached XP level 8. HP: 43/51 MP: 10/10
  5079 | D:5      | Found Ylannynu's Gadget Gallery.
  5087 | D:5      | Bought a condenser vane for 440 gold pieces
  5540 | D:5      | Found a hide-covered altar of Uskayaw.
  5540 | D:5      | Noticed a +0 dagger
  5540 | D:5      | Noticed a +3 hand axe
  5561 | D:5      | Found a shimmering blue altar of Sif Muna.
  5778 | D:5      | Found a broken altar of Ashenzari.
  5973 | D:5      | Reached XP level 9. HP: 41/57 MP: 11/11
  6085 | D:6      | Noticed a troll
  6092 | D:6      | Killed a troll
  6385 | D:6      | Noticed Maggie
  6733 | D:6      | Noticed Sigmund
  6743 | D:6      | Killed Sigmund
  6825 | D:6      | Noticed Grinder
  6838 | D:6      | Killed Grinder
  6839 | D:6      | Reached skill level 10 in Staves
  7010 | D:6      | Acquired the +0 staff of Battle
  7010 | D:6      | Found the +0 staff of Battle
  7020 | D:6      | Killed Maggie
  7239 | D:6      | Your ally Sigmund died
  7314 | D:6      | Found a shadowy altar of Dithmenos.
  7317 | D:6      | Found a shimmering altar of Xom.
  7320 | D:6      | Found a hazy altar of Hepliaklqana.
  7427 | D:6      | Found a staircase to the Ecumenical Temple.
  7434 | Temple   | Entered the Ecumenical Temple
  7463 | Temple   | Became a worshipper of Vehumet
  7801 | D:7      | Reached XP level 10. HP: 46/65 MP: 12/12
  7970 | D:7      | Reached * piety under Vehumet
  7970 | D:7      | Offered knowledge of Foxfire by Vehumet.
  7976 | D:7      | Learned a level 1 spell: Foxfire
  8039 | D:7      | Reached skill level 1 in Conjurations
  8056 | D:7      | Reached skill level 2 in Conjurations
  8085 | D:7      | Noticed Prince Ribbit
  8101 | D:7      | Killed Prince Ribbit
  8102 | D:7      | Reached skill level 3 in Conjurations
  8158 | D:7      | Reached skill level 4 in Conjurations
  8169 | D:7      | Learned a level 3 spell: Mephitic Cloud
  8684 | D:8      | Found Isich's Vocational Training.
  8760 | D:8      | Reached skill level 5 in Conjurations
  8875 | D:8      | Reached skill level 6 in Conjurations
  8977 | D:8      | Reached skill level 7 in Conjurations
  8980 | D:8      | Found a staircase to the Lair.
  9243 | D:8      | Reached ** piety under Vehumet
  9243 | D:8      | Offered knowledge of Scorch by Vehumet.
  9621 | D:8      | Reached skill level 8 in Conjurations
  9742 | D:9      | Noticed Joseph
  9756 | D:9      | Noticed Erica
  9932 | Lair:1   | Entered Level 1 of the Lair of Beasts
  9942 | Lair:1   | Noticed a cane toad
  9950 | Lair:1   | Killed a cane toad
  9951 | Lair:1   | Reached skill level 9 in Conjurations
 10229 | Lair:1   | Reached XP level 11. HP: 69/69 MP: 10/13
 10245 | Lair:1   | Reached skill level 10 in Conjurations
 10389 | Lair:1   | Noticed Grum
 10398 | Lair:1   | Killed Grum
 10408 | Lair:1   | Offered knowledge of Stone Arrow by Vehumet.
 10409 | Lair:1   | Found a frozen archway.
 10433 | IceCv    | Entered an ice cave
 10438 | IceCv    | Reached skill level 11 in Conjurations
 10504 | IceCv    | Noticed a white ugly thing
 10515 | IceCv    | Killed a white ugly thing
 11036 | Lair:1   | Identified the +4 dagger of the Illusory Ghosts {freeze,
                  | MP+9}
 11265 | Lair:1   | Reached skill level 12 in Conjurations
 11427 | Lair:2   | Noticed a four-headed hydra
 11470 | Lair:2   | Noticed a catoblepas
 11498 | Lair:1   | Reached *** piety under Vehumet
 11802 | Lair:2   | Learned a level 3 spell: Stone Arrow
 11826 | Lair:2   | Killed a four-headed hydra
 11827 | Lair:2   | Reached skill level 13 in Conjurations
 11981 | Lair:2   | Found a dark tunnel.
 11981 | Lair:2   | Noticed a lindwurm
 11987 | Lair:2   | Killed a lindwurm
 12021 | Volcano  | Entered a volcano
 12043 | Volcano  | Identified the +1 helmet "Fuskod" {Str+4}
 12063 | Volcano  | Reached skill level 14 in Conjurations
 12070 | Volcano  | Identified the +0 barding of Yfig {Stlth+}
 12408 | Lair:2   | Killed a catoblepas
 12409 | Lair:2   | Reached XP level 12. HP: 61/75 MP: 3/18
 12501 | Lair:2   | Found a staircase to the Shoals.
 12566 | Lair:2   | Found a hole to the Spider Nest.
 12617 | Lair:2   | Offered knowledge of Ignite Poison by Vehumet.
 12850 | Lair:3   | Reached skill level 5 in Spellcasting
 13016 | Lair:3   | Noticed a boulder beetle
 13025 | Lair:3   | Killed a boulder beetle
 13057 | Lair:3   | Noticed a six-headed hydra
 13106 | Lair:3   | Killed a six-headed hydra
 13288 | Lair:3   | Reached skill level 1 in Shields
 13895 | Lair:4   | Reached **** piety under Vehumet
 14148 | Lair:4   | Identified the +1 lajatang of Ignis, Scorching {flame,
                  | Drain rC++ rCorr SInv}
 14194 | Lair:4   | Reached skill level 5 in Shields
 14213 | Lair:4   | Offered knowledge of Airstrike by Vehumet.
 14351 | Lair:4   | Noticed a catoblepas
 14365 | Lair:4   | Killed a catoblepas
 14809 | Lair:4   | Found a staircase to the Slime Pits.
 14963 | Lair:5   | Entered Level 5 of the Lair of Beasts
 15118 | Lair:5   | Reached XP level 13. HP: 69/80 MP: 20/28
 15227 | Lair:5   | Reached skill level 10 in Fighting
 15531 | Lair:5   | Reached skill level 5 in Dodging
 15722 | Lair:5   | Noticed Snorg
 15726 | Lair:5   | Killed Snorg
 16295 | Lair:5   | Reached ***** piety under Vehumet
 16296 | Lair:5   | Reached skill level 10 in Dodging
 16871 | D:9      | Killed Erica
 16874 | D:9      | Killed Joseph
 16989 | D:9      | Offered knowledge of Iskenderun's Battlesphere by Vehumet.
 17057 | D:9      | Noticed Maurice
 17067 | D:9      | Noticed Psyche
 17068 | D:9      | Killed Maurice
 17075 | D:9      | Killed Psyche
 17093 | D:9      | Reached skill level 1 in Armour
 17408 | D:9      | Reached skill level 1 in Evocations
 17505 | D:9      | Reached XP level 14. HP: 88/88 MP: 20/29
 17677 | D:10     | Entered Level 10 of the Dungeon
 17798 | D:10     | Found Gaamecku's General Store.
 18125 | D:10     | Reached skill level 10 in Spellcasting
 18990 | D:11     | Found Rottimow's General Store.
 19515 | D:11     | Learned a level 5 spell: Iskenderun's Battlesphere
 19555 | D:11     | You fall into a shaft and drop 2 floors!
 19885 | D:12     | Reached skill level 5 in Armour
 20326 | D:11     | Bought a scroll of identify for 32 gold pieces
 20528 | D:8      | Bought a manual of Evocations for 960 gold pieces
 20779 | D:12     | Reached ****** piety under Vehumet
 20782 | D:12     | Reached skill level 5 in Evocations
 21159 | D:12     | Found a staircase to the Orcish Mines.
 21571 | D:12     | Found a portal to a secret trove of treasure.
 22079 | D:13     | Reached skill level 10 in Evocations
 22086 | D:13     | Learned a level 6 spell: Statue Form
 22097 | D:13     | Learned a level 5 spell: Irradiate
 22128 | D:13     | Reached skill level 1 in Transmutations
 22128 | D:13     | Reached skill level 1 in Earth Magic
 22408 | D:14     | Found a gate leading to a gauntlet.
 22428 | Gauntlet | Entered a Gauntlet
 22428 | Gauntlet | Found a transporter.
 22480 | Gauntlet | Found a transporter.
 22481 | Gauntlet | Found a transporter.
 22482 | Gauntlet | Found a transporter.
 22487 | Gauntlet | Found a runed translucent gate.
 22487 | Gauntlet | Found a runed translucent gate.
 22487 | Gauntlet | Found a runed translucent gate.
 22489 | Gauntlet | Found a transporter.
 22492 | Gauntlet | Found a transporter.
 22493 | Gauntlet | Found a transporter.
 22502 | Gauntlet | Found a transporter.
 22505 | Gauntlet | Found a transporter.
 22506 | Gauntlet | Found a transporter.
 22514 | Gauntlet | Found a transporter.
 22517 | Gauntlet | Found a transporter.
 22518 | Gauntlet | Found a transporter.
 22527 | Gauntlet | Found a transporter.
 22606 | Gauntlet | Upgraded the game from 0.30-a0-603-g51a0fb1b98 to
                  | 0.30-a0-612-g150a0467c1
 22808 | Gauntlet | Identified the ring of Ustrofohi {rF+ Int+2 SInv}
 22916 | Gauntlet | Identified the +1 plate armour of a treasure trove {Dex+4}
 22924 | Gauntlet | Succumbed to a death drake's dark miasma

Illustrated notes

Levels and vault maps discovered:
D:1:      minmay_arrival_cross, layout_loops_cross
D:2:      layout_basic, minmay_misc_feat_square, minmay_gold_behind_fungi,
          chequers_serial_rivers_room_b
D:3:      layout_basic, nicolae_yredelemnul_ghost_church,
          nemelex_spade_bored_becter, serial_shops, shop, portal_sewer_entry_e,
          chequers_garden, minmay_misc_feat_roman, interstate_on_off,
          minmay_hedge_maze, uniq_crazy_yiuf_cottage, uniq_natasha, uniq_ijyb
D:4:      layout_cave_pools, slow_altar_1, minmay_snake_closets
D:5:      minmay_polygon_palace, layout_cave_pools,
          lemuel_coloured_pillars_altar, dancing_weapons_uskayaw, led_sif_book,
          nicolae_shop_gadgets
D:6:      layout_basic, grunt_temple_overflow_diamond,
          minmay_temple_entry_nine_rooms, uniq_grinder, uniq_maggie,
          uniq_sigmund
D:7:      layout_loops_ring, uniq_prince_ribbit1
D:8:      layout_basic, hellmonk_lair_entry_icy, roderic_serpentine_path,
          nicolae_shop_vocational
D:9:      layout_cave_pools, kennysheep_potato, uniq_joseph, uniq_psyche,
          uniq_erica, uniq_maurice
D:10:     layout_basic, serial_shops, nicolae_stop_n_shop_1,
          hangedman_decor_push
D:11:     layout_roguey, serial_shops, nicolae_shop_hallway_plus,
          kennysheep_generic_room_5
D:12:     minmay_open_boxes_in_corner, layout_irregular_city, zombieorc2_lemuel,
          enter_trove_5
D:13:     layout_cave_pools
D:14:     layout_layer_cave, erik_vaults_1, gauntlet_entry_generic,
          minmay_tree_intersection, nicolae_island_escapes
Temple:   nicolae_temple_ecumenical_triangle
Lair:1:   layout_misc_corridors, portal_ice_cave_entry_ice_simulacra,
          grunt_megastairs_1, uniq_grum
Lair:2:   layout_cave_shapes, minmay_shoals_entry_centaurs, dummy_spider_entry,
          nicolae_volcano_entry_vermiform, lemuel_old_faithful
Lair:3:   layout_long_grid, st_stairs_7, serial_bayou_pond_d, wad_woods_03,
          infiniplex_staircase_pool_2
Lair:4:   layout_concentric_octagons, dpeg_slime_entry_corner
Lair:5:   evilmike_catoblepas_cave, layout_long_grid, uniq_snorg
Gauntlet: gammafunk_gauntlet_77_escape_option
          [minmay_gauntlet_arena_77_p_blocks,
          minmay_gauntlet_arena_77_run_for_it,
          minmay_gauntlet_arena_77_broken_ladder,
          minmay_gauntlet_arena_77_museum, minmay_gauntlet_arena_77_mess,
          gauntlet_exit_green]

Skill      XL: |  1  2  3  4  5  6  7  8  9 10 11 12 13 14 |
---------------+-------------------------------------------+-----
Fighting       | 2 3 4 5 7 8 9 10 | 10.0
Staves         | 4 5 6 7 8 10 12 | 12.0
Conjurations   | 9 14 | 14.9
Spellcasting   | 3 9 10 | 10.0
Shields        | 6 |  6.0
Dodging        | 10 | 10.0
Armour         | 1 5 |  5.0
Evocations     | 3 10 | 10.0
Transmutations | 2 |  2.9
Earth Magic    | 2 |  2.9
Throwing       | |  2.0

Action                   |  1- 3 |  4- 6 |  7- 9 | 10-12 | 13-15 || total
-------------------------+-------+-------+-------+-------+-------++-------
Melee: Quarterstaff      |   102 |   185 |   286 |   182 |       ||   755
       Staff             |       |       |    16 |   165 |   219 ||   400
       Punch             |       |       |       |     1 |       ||     1
 Fire: Sling             |       |       |    28 |       |       ||    28
Throw: Throwing net      |     1 |     4 |     1 |       |       ||     6
       Javelin           |       |     2 |     1 |     1 |       ||     4
 Cast: Foxfire           |       |       |       |   249 |   171 ||   420
       Mephitic Cloud    |       |       |       |     9 |    40 ||    49
       Stone Arrow       |       |       |       |    26 |   207 ||   233
       Iskenderun's Batt |       |       |       |       |     5 ||     5
Evoke: Wand              |       |     8 |    18 |     5 |    35 ||    66
       Condenser vane    |       |       |     1 |     2 |     2 ||     5
  Use: Scroll            |     3 |    13 |    10 |     6 |    16 ||    48
       Potion            |       |     1 |     3 |     1 |     3 ||     8
 Stab: Held in net/web   |     2 |     5 |     1 |       |       ||     8
       Sleeping          |     1 |       |       |     1 |       ||     2
       Paralysed         |       |       |     1 |       |     4 ||     5
       Confused          |       |       |       |     7 |     2 ||     9
       Invisible         |       |       |       |       |     5 ||     5
Armor: Leather armour    |    29 |       |       |       |       ||    29
       Ring mail         |     2 |    72 |    99 |     1 |       ||   174
       Skin              |       |     2 |    13 |       |       ||    15
       Steam dragon scal |       |       |    19 |   125 |    91 ||   235
Dodge: Dodged            |    71 |   132 |   176 |   191 |   210 ||   780
Block: Buckler           |       |       |       |    12 |    81 ||    93

Table legend: (Time is in decaauts)
 A = Elapsed time spent in this place.
 B = Non-inter-level travel time spent in this place.
 C = Inter-level travel time spent in this place.
 D = Time resting spent in this place.
 E = Time spent auto-exploring this place.
 F = Levels seen in this place.
 G = Mean time per level.
                   A        B        C        D        E       F      G
               +--------+--------+--------+--------+--------+-----+--------+
         Total |  22765 |  21527 |   1238 |   5416 |  10293 |  23 |  989.8 |
       Dungeon |  15402 |  14665 |    737 |   3565 |   7163 |  14 | 1100.1 |
        Temple |     83 |     69 |     14 |     34 |     18 |   1 |   83.0 |
          Lair |   6064 |   5577 |    487 |   1210 |   2956 |   5 | 1212.8 |
      Ice Cave |    457 |    457 |      0 |    362 |      1 |   1 |  457.0 |
       Volcano |    265 |    265 |      0 |      0 |      0 |   1 |  265.0 |
      Gauntlet |    492 |    492 |      0 |    245 |    155 |   1 |  492.0 |
               +--------+--------+--------+--------+--------+-----+--------+

Top non-repeatable levels by time:
     D:5: 2364 daAuts
  Lair:5: 1784 daAuts
     D:3: 1715 daAuts
     D:8: 1638 daAuts
    D:12: 1429 daAuts
  Lair:1: 1270 daAuts
    D:10: 1266 daAuts
  Lair:3: 1154 daAuts
  Lair:4: 1149 daAuts
    D:11: 1078 daAuts
     D:6: 1035 daAuts
     D:4: 899 daAuts
     D:7: 866 daAuts
     D:1: 826 daAuts
    D:13: 777 daAuts
